 Dungeon Crawl Stone Soup version 0.29-a0-512-gf59ac788ac (webtiles) character file.

Game seed: 18201149506467004587

69729 NateTC the Warrior (level 15, -1/94 HPs)
             Began as a Gargoyle Fighter on May 29, 2022.
             Was a High Priest of Hepliaklqana.
             Slain by a spark wasp (4 damage)
             ... on level 2 of the Spider Nest.
             The game lasted 01:06:54 (24560 turns).

NateTC the Warrior (Gargoyle Fighter)              Turns: 24560, Time: 01:06:54

Health: -1/94      AC: 37    Str: 32    XL:     15   Next: 30%
Magic:  20/20      EV:  8    Int:  8    God:    Hepliaklqana [*****.]
Gold:   1071       SH: 12    Dex:  7    Spells: 14/14 levels left

rFire   + . .      SeeInvis +   a - +6 morningstar (vorpal)
rCold   . . .      Faith    .   c - +1 buckler
rNeg    + + .      Spirit   .   p - +3 plate armour {rF+}
rPois   ∞          Reflect  +   y - +0 helmet
rElec   +          Harm     .   m - +0 cloak
rCorr   +          Rampage  .   K - +1 pair of gloves
Will    +....                   J - +0 pair of boots "Qyoqa" {Str+4 Dex-2 SInv}
Stlth   ..........              M - amulet of reflection
HPRegen 0.25/turn               w - ring of resist corrosion
MPRegen 0.17/turn               i - ring of positive energy

@: about to teleport, flying, studying Bows
A: reduced essence, sickness immunity, AC +11, big wings, negative energy
resistance 1, electricity resistance, torment resistance 1, petrification
resistance
a: Renounce Religion, Recall Ancestor, Ancestor Identity, Transference, Idealise


You were on level 2 of the Spider Nest.
You worshipped Hepliaklqana.
Hepliaklqana was extremely pleased with you.
You visited 4 branches of the dungeon, and saw 20 of its levels.

You collected 1626 gold pieces.
You spent 555 gold pieces at shops.

Inventory:

Hand Weapons
 a - a +6 vorpal morningstar (weapon)
 B - the +1 mace of Weuhun {vorpal, rPois rF+ rC+ Int+3}
   (You found it on level 9 of the Dungeon)

   It inflicts extra damage upon your enemies.
   Int:       It affects your intelligence (+3).
   rF:        It protects you from fire.
   rC:        It protects you from cold.
   rPois:     It protects you from poison.
Missiles
 u - a throwing net (quivered)
Armour
 c - a +1 buckler (worn)
 m - a +0 cloak (worn)
 p - a +3 plate armour of fire resistance (worn)
 y - a +0 helmet (worn)
 J - the +0 pair of boots "Qyoqa" (worn) {Str+4 Dex-2 SInv}
   (You found it on level 1 of the Lair of Beasts)

   Str:       It affects your strength (+4).
   Dex:       It affects your dexterity (-2).
   SInv:      It lets you see invisible.
 K - a +1 pair of gloves (worn)
Jewellery
 i - a ring of positive energy (right hand)
 w - a ring of resist corrosion (left hand)
 D - a +6 ring of strength
 H - a ring of see invisible
 I - a ring of willpower
 M - an amulet of reflection (around neck)
Wands
 d - a wand of flame (50)
 q - a wand of polymorph (25)
 s - a wand of iceblast (14)
 F - a wand of charming (4)
 L - a wand of paralysis (18)
 O - a wand of acid (3)
 Q - a wand of digging (3)
Scrolls
 b - 6 scrolls of teleportation
 f - 5 scrolls of poison
 g - a scroll of identify
 o - 5 scrolls of fear
 x - 5 scrolls of magic mapping
 z - a scroll of immolation
 A - 3 scrolls of silence
 E - 4 scrolls of blinking
 R - a scroll of amnesia
 T - a scroll of enchant weapon
Potions
 e - 12 potions of curing
 h - 3 potions of attraction
 j - a potion of might
 k - 2 potions of cancellation
 l - 3 potions of mutation
 n - a potion of ambrosia
 r - 4 potions of brilliance
 t - 2 potions of magic
 v - 4 potions of lignification
 C - 3 potions of heal wounds
 G - 2 potions of flight
 P - a potion of resistance
 S - a potion of haste
Miscellaneous
 N - a lightning rod (4/4)


   Skills:
 - Level 16.7 Fighting
 - Level 16.0 Maces & Flails
 + Level 13.1 Armour
 - Level 13.8 Shields
 - Level 7.2 Invocations
 - Level 8.2 Evocations


You had 14 spell levels left.
You didn't know any spells.
Your spell library contained the following spells:

 Spells                   Type           Power      Damage    Failure   Level
 Apportation              Tloc           0%         N/A       95%         1
 Necrotize                Necr           0%         1d4       95%         1
 Summon Small Mammal      Summ           0%         N/A       95%         1
 Confusing Touch          Hex            0%         N/A       100%        3
 Frozen Ramparts          Ice            0%         1d2       100%        3
 Gell's Gravitas          Tloc           0%         N/A       100%        3
 Teleport Other           Tloc           0%         N/A       100%        3
 Hailstorm                Conj/Ice       0%         3d3       100%        4
 Ice Form                 Ice/Tmut       0%         N/A       100%        4
 Petrify                  Tmut/Erth      0%         N/A       100%        4
 Summon Ice Beast         Ice/Summ       0%         N/A       100%        4
 Fireball                 Conj/Fire      0%         3d3       100%        5
 Metabolic Englaciation   Hex/Ice        0%         N/A       100%        5
 Yara's Violent Unravell  Hex/Tmut       0%         3d3       100%        5
 Dispersal                Tloc           0%         N/A       100%        6
 Simulacrum               Ice/Necr       0%         N/A       100%        6
 Starburst                Conj/Fire      0%         6d3       100%        6
 Enfeeble                 Hex            0%         N/A       100%        7
 Ignition                 Fire           0%         3d3       100%        8
 Statue Form              Tmut/Erth      Unusable   N/A       N/A         6

Dungeon Overview and Level Annotations

Branches:
Dungeon (11/15)            Temple (1/1) D:7            Lair (6/6) D:11
 Shoals (0/4) Lair:3       Spider (2/4) Lair:3        Slime (0/5) Lair:6
    Orc: D:9-12

Altars:
Ashenzari
Cheibriados
Dithmenos
Elyvilon
Fedhas
Gozag
Hepliaklqana
Kikubaaqudgha
Makhleb
Nemelex Xobeh
Okawaru
Qazlal
Ru
Sif Muna
Trog
Uskayaw
Vehumet
Wu Jian
Xom
Yredelemnul
Zin
The Shining One

Shops:
D:7 =   D:8 (

Portals:
Abyss: D:3

Annotations:
D:3 2 transporters, 1 runed translucent door, Crazy Yiuf; RustandSilver's ghost, amateur PaBe
Lair:3 2 transporters
Lair:5 2 transporters, Novit's ghost, journeyman OpAE


Innate Abilities, Weirdness & Mutations

Your life essence is reduced to manifest your ancestor. (-10% HP)
You are immune to sickness and miasma.
Your stone body is resilient. (AC +11)
You are immune to poison.
Your large and strong wings let you fly.
You resist negative energy. (rN+)
You are resistant to electric shocks. (rElec)
You are resistant to unholy torment.
You are immune to petrification.


Message History

The demonic crawler barely misses you. You block the tarantella's attack.
You closely miss the spark wasp.
The spark wasp is moderately wounded.
The spark wasp barely misses you.
The tarantella touches you but does no damage.
The demonic crawler hits you. x2; The demonic crawler barely misses you.
Okay, then.
As you read the scroll of teleportation, it crumbles to dust.
You feel strangely unstable.
The spark wasp stings you but does no damage.
The tarantella barely misses you. The demonic crawler barely misses you.
You block the demonic crawler's attack. The demonic crawler barely misses you.
The spark wasp stings you but does no damage.
You thump the demonic crawler!
The demonic crawler is lightly wounded.
The tarantella completely misses you. The demonic crawler hits you.
The demonic crawler completely misses you.
The demonic crawler hits you but does no damage.
You block the spark wasp's attack.
You puncture the demonic crawler!
The demonic crawler is moderately wounded.
The tarantella touches you.
* * * LOW HITPOINT WARNING * * *
The demonic crawler closely misses you.
The demonic crawler hits you but does no damage.
The demonic crawler hits you.
* * * LOW HITPOINT WARNING * * *
The spark wasp stings you but does no damage.
You hit the demonic crawler but do no damage.
The demonic crawler is moderately wounded.
The tarantella touches you but does no damage.
You block the spark wasp's attack.
The demonic crawler shrieks in warning!
You hear an angry hiss. x4
You barely miss the demonic crawler.
The demonic crawler is moderately wounded.
You block the tarantella's attack. The spark wasp stings you!!
* * * LOW HITPOINT WARNING * * *
The spark wasp shocks you. You resist.
You die...

......#......##
............##
..........#####
..........#...##
.#.............#
...............#
...............#
.............#####
.............#sy@#
..............sss###
...............s##.#
...^#..............#
...###............##
...##.............#
......#.§.........#
.................###
...................##


You could see an emperor scorpion, a spark wasp, a demonic crawler (catching
breath) and 3 tarantellas.

Vanquished Creatures
  Kirke (Lair:6)
  2 broodmothers
  2 entropy weavers
  2 boulder beetles (Lair:6)
  4 hydras
  A two-headed ogre (D:11)
  A radroach (Spider:2)
  3 death yaks
  2 steelbarb worms
  A goliath frog (Lair:6)
  3 orb spiders (Spider:2)
  A lindwurm (Lair:6)
  8 wolf spiders (Spider:1)
  2 torpor snails (Spider:1)
  6 black mambas
  18 cane toads
  4 demonic crawlers
  10 komodo dragons
  2 rime drakes (Lair:4)
  A polar bear (Lair:4)
  5 hornets
  4 trolls
  2 tyrant leeches (Lair:6)
  2 meliai
  5 tarantellas
  Prince Ribbit (D:8)
  21 blink frogs
  2 dream sheep (Lair:5)
  4 wyverns
  8 culicivoras
  5 jumping spiders
  2 hogs (Lair:6)
  49 yaks
  3 basilisks
  2 wraiths
  Grum (D:9)
  13 redbacks
  A steam dragon (D:8)
  5 vampire mosquitoes
  Menkaure (D:6)
  An acid dragon (D:10)
  15 water moccasins
  Duvessa (D:5)
  5 black bears
  6 orc warriors
  3 ice beasts (D:6)
  A sky beast (D:7)
  17 wolves
  An ogre (D:5)
  A phantom (D:5)
  4 centaurs
  A kobold brigand (D:10)
  A gnoll sergeant (D:7)
  19 bullfrogs
  4 scorpions
  A hexer (Spider:2)
  8 wights
  Dowan (D:5)
  3 killer bees (Lair:3)
  5 electric eels
  A howler monkey (D:10)
  3 hounds
  8 orc priests
  An iron imp (D:10)
  6 jellies
  Jessica (D:3)
  2 iguanas
  5 orc wizards
  9 gnolls
  5 adders
  A shadow imp (D:6)
  A white imp (D:7)
  3 ufetubi
  2 worms (D:3)
  28 orcs
  10 endoplasms
  2 giant cockroaches
  3 goblins
  10 hobgoblins
  11 jackals
  A quokka (D:1)
  4 ball pythons
  6 bats
  6 kobolds
  3 rats
440 creatures vanquished.

Vanquished Creatures (collateral kills)
  Fannar (Lair:2)
  A hydra (Lair:4)
  A two-headed ogre (D:11)
  A death yak (Lair:6)
  A black mamba (Lair:3)
  6 cane toads
  2 komodo dragons
  2 tyrant leeches (Lair:6)
  2 dream sheep (Lair:5)
  A polar bear (Lair:3)
  2 tarantellas
  6 blink frogs
  A shadow (D:11)
  7 yaks
  A wyvern (Lair:2)
  2 hogs (Lair:6)
  2 vampire mosquitoes
  3 basilisks
  3 redbacks
  An acid dragon (D:11)
  A water moccasin (Lair:4)
  An orc warrior (D:9)
  10 wolves
  A kobold brigand (D:9)
  A bullfrog (Lair:6)
  A killer bee (Lair:3)
  An electric eel (Lair:5)
  An orc priest (D:9)
  9 orcs
  2 endoplasms (Lair:6)
  2 kobolds (D:9)
  A butterfly (Lair:1)
77 creatures vanquished.

Vanquished Creatures (others)
  A blink frog (Lair:6)
  10 hexers
  14 fungi
  65 plants
90 creatures vanquished.

Grand Total: 607 creatures vanquished

Notes
Turn   | Place    | Note
-------+----------+-------------------------------------------
     0 | D:1      | NateTC the Gargoyle Fighter began the quest for the Orb.
     0 | D:1      | Reached XP level 1. HP: 14/14 MP: 1/1
   314 | D:1      | Reached XP level 2. HP: 18/20 MP: 2/2
   450 | D:1      | Found a faded altar of an unknown god.
   985 | D:1      | Identified a scroll of acquirement
   985 | D:1      | Acquired a manual of Fighting
  1134 | D:2      | Identified the +0 scale mail of Lachrymose Happiness {rElec
                  | rC+}
  1168 | D:2      | Reached skill level 5 in Fighting
  1168 | D:2      | Reached XP level 3. HP: 20/26 MP: 3/3
  2061 | D:3      | Noticed Jessica
  2070 | D:3      | Killed Jessica
  2071 | D:3      | Reached XP level 4. HP: 28/32 MP: 4/4
  2490 | D:3      | Found a transporter.
  2490 | D:3      | Noticed a small abomination
  2492 | D:3      | Noticed a kobold brigand
  2518 | D:3      | Found a transporter.
  2518 | D:3      | Found a one-way gate to the infinite horrors of the Abyss.
  2518 | D:3      | Noticed RustandSilver's ghost (amateur PaBe)
  2539 | D:3      | Noticed a small abomination
  2693 | D:3      | Found a runed translucent door.
  2694 | D:3      | Noticed Crazy Yiuf
  3203 | D:4      | Reached XP level 5. HP: 36/36 MP: 5/5
  3607 | D:4      | Noticed a black bear
  3621 | D:4      | Killed a black bear
  3622 | D:4      | Reached skill level 5 in Maces & Flails
  3622 | D:4      | Reached XP level 6. HP: 32/41 MP: 6/6
  3810 | D:5      | Entered Level 5 of the Dungeon
  3846 | D:5      | Found an iron altar of Okawaru.
  3903 | D:5      | Noticed Dowan
  3904 | D:5      | Noticed Duvessa
  3913 | D:5      | Killed Duvessa
  3914 | D:5      | Reached XP level 7. HP: 32/45 MP: 7/7
  3916 | D:5      | Killed Dowan
  4338 | D:5      | Reached XP level 8. HP: 17/51 MP: 8/8
  4673 | D:5      | Found Zin's Purification Station.
  4676 | D:5      | Found a glowing silver altar of Zin.
  4689 | D:5      | Bought 2 potions of curing for 180 gold pieces
  5008 | D:6      | Noticed Menkaure
  5017 | D:6      | Killed Menkaure
  5766 | D:6      | Reached skill level 10 in Fighting
  5766 | D:6      | Reached XP level 9. HP: 54/62 MP: 9/9
  5774 | D:6      | Found a shimmering altar of Xom.
  5778 | D:6      | Found a radiant altar of Vehumet.
  5782 | D:6      | Found an ancient bone altar of Kikubaaqudgha.
  6075 | D:7      | Found Sownav's Jewellery Boutique.
  6530 | D:7      | Reached skill level 5 in Armour
  6779 | D:7      | Bought a ring of resist corrosion for 200 gold pieces
  6897 | D:7      | Found a hide-covered altar of Uskayaw.
  7113 | D:7      | Reached skill level 5 in Shields
  7625 | D:7      | Found a staircase to the Ecumenical Temple.
  7864 | Temple   | Entered the Ecumenical Temple
  7921 | Temple   | Became a worshipper of Hepliaklqana the Forgotten
  8350 | D:8      | Reached skill level 10 in Shields
  8361 | D:8      | Reached XP level 10. HP: 51/68 MP: 10/10
  8581 | D:8      | Reached skill level 10 in Maces & Flails
  9032 | D:8      | Found Vyfenint's Antique Weapon Boutique.
  9049 | D:8      | Noticed Prince Ribbit
  9062 | D:8      | Bought a runed morningstar for 175 gold pieces
  9147 | D:8      | Killed Prince Ribbit
  9355 | D:9      | Reached * piety under Hepliaklqana
  9478 | D:9      | Identified the +1 mace of Weuhun {vorpal, rPois rF+ rC+
                  | Int+3}
  9677 | D:9      | Noticed Grum
  9690 | D:9      | HP: 3/61 [wolf[Grum] (3)]
  9695 | D:9      | Killed Grum
 10503 | D:9      | Reached XP level 11. HP: 64/64 MP: 11/11
 10690 | D:9      | Reached ** piety under Hepliaklqana
 10691 | D:9      | Remembered your ancestor Nolwazi as a hexer
 10919 | D:10     | Entered Level 10 of the Dungeon
 11066 | D:10     | Found a snail-covered altar of Cheibriados.
 11758 | D:10     | Reached skill level 10 in Armour
 12444 | D:11     | Found a staircase to the Lair.
 12547 | D:11     | Noticed a two-headed ogre
 12554 | D:11     | Killed a two-headed ogre
 12593 | D:11     | Reached *** piety under Hepliaklqana
 12718 | D:11     | Noticed a two-headed ogre
 12727 | D:11     | Killed a two-headed ogre
 12763 | Lair:1   | Entered Level 1 of the Lair of Beasts
 12843 | Lair:1   | Identified the +0 pair of boots "Qyoqa" {Str+4 Dex-2 SInv}
 12860 | Lair:1   | Reached XP level 12. HP: 64/69 MP: 12/12
 13064 | Lair:1   | Reached skill level 15 in Maces & Flails
 13297 | Lair:1   | Reached skill level 1 in Invocations
 13338 | Lair:1   | Reached **** piety under Hepliaklqana
 13443 | Lair:1   | Reached skill level 1 in Evocations
 14106 | Lair:2   | Reached skill level 5 in Invocations
 14388 | Lair:2   | Noticed Fannar
 14405 | Lair:2   | Killed Fannar
 14651 | Lair:2   | Reached XP level 13. HP: 68/74 MP: 18/18
 15320 | Lair:3   | Found a transporter.
 15320 | Lair:3   | Found a transporter.
 15848 | Lair:3   | Found a hole to the Spider Nest.
 16136 | Lair:3   | Reached skill level 15 in Fighting
 16148 | Lair:3   | Found a staircase to the Shoals.
 16655 | Lair:4   | Reached ***** piety under Hepliaklqana
 16665 | Lair:4   | Reached skill level 5 in Evocations
 17768 | Lair:5   | Found a transporter.
 17771 | Lair:5   | Noticed Novit's ghost (journeyman OpAE)
 18050 | Lair:5   | Found a transporter.
 18301 | Lair:6   | Entered Level 6 of the Lair of Beasts
 18630 | Lair:6   | Gained mutation: Your large and strong wings let you fly.
                  | [Gargoyle growth]
 18630 | Lair:6   | Reached XP level 14. HP: 88/88 MP: 19/19
 19444 | Lair:6   | Got the Volume of Ice
 19449 | Lair:6   | Noticed Kirke
 19461 | Lair:6   | Killed Kirke
 20031 | Lair:6   | Found a staircase to the Slime Pits.
 20792 | Spider:1 | Entered Level 1 of the Spider Nest
 22353 | Spider:1 | Identified the +8 rapier "Gufaimn" {venom, rPois Int+3}
 22365 | Spider:2 | Noticed an entropy weaver
 22373 | Spider:2 | Killed an entropy weaver
 22375 | Spider:2 | Noticed a broodmother
 22401 | Spider:1 | Killed a broodmother
 22942 | Spider:1 | Reached XP level 15. HP: 27/94 MP: 20/20
 23779 | Spider:2 | Noticed an emperor scorpion
 24560 | Spider:2 | HP: 3/94 [spark wasp (20)]
 24560 | Spider:2 | Slain by a spark wasp

Illustrated notes

Levels and vault maps discovered:
D:1:      dpeg_arrival_chambers_temple_mockup, layout_loops_ring,
          basic_ecumenical_altar
D:2:      minmay_chambers_of_ones, layout_basic
D:3:      layout_loops_cross, gammafunk_ghost_abyssal_escape,
          lemuel_old_faithful, uniq_jessica, uniq_crazy_yiuf_cottage
D:4:      layout_rooms, serial_glass, glass_columns_c, glass_columns_c,
          due_unseen_surprise, item_on_display_a, feat_on_display
D:5:      layout_cave_pods, lemuel_round_altar, zin_purify, uniq_duvessa
D:6:      layout_cave_pools, minmay_overflow_temple_star_quad,
          hellmonk_bongcloud_opening, uniq_menkaure
D:7:      layout_basic, overflow_temple_1_default, temple_green,
          nicolae_stop_n_shop_2, grunt_ministairs_4,
          chequers_serial_rivers_micro_a, minmay_manual_mares
D:8:      layout_basic, serial_shops, nicolae_stop_n_shop_2,
          chequers_serial_rivers_micro_d, amcnicky_mini_rare_corridor_liquid,
          water_maze_lemuel, uniq_prince_ribbit1
D:9:      layout_irregular_city, uniq_grum
D:10:     layout_roguey, slow_altar_2, kennysheep_generic_room_9
D:11:     layout_cave_pools, lair_entry_dummy, gauntlet_entry_generic
Temple:   eino_wide_crystal_templ
Lair:1:   layout_cave_pods, st_stairs_9, serial_bayou_pond_d,
          lemuel_fruit_fields, grunt_megastairs_4
Lair:2:   layout_gridlike, grunt_megastairs_2, uniq_fannar
Lair:3:   gammafunk_boulding_lane, layout_regular_city,
          elwin_shoals_entry_rocks, hellmonk_spider_entry_not_the_bees,
          infiniplex_staircase_pool
Lair:4:   layout_gridlike, nicolae_quartered_pool_little
Lair:5:   layout_cave_shapes, gammafunk_ghost_berserking_beasts,
          serial_bayou_shore_a, grunt_megastairs_5
Lair:6:   minmay_lair_end_frog_pond, layout_misc_corridors,
          nicolae_slime_entry_slimehenge, uniq_kirke
Spider:1: layout_spider_delve
Spider:2: spider_temple_joshua, hangedman_spider_trapstep

Skill      XL: |  1  2  3  4  5  6  7  8  9 10 11 12 13 14 15 |
---------------+----------------------------------------------+-----
Fighting       | 5 10 15 16 | 16.7
Maces & Flails | 3 5 6 8 9 12 14 15 16 | 16.0
Armour         | 5 6 10 11 13 | 13.1
Shields        | 10 13 | 13.8
Invocations    | 7 |  7.2
Evocations     | 4 5 8 |  8.2

Action                   |  1- 3 |  4- 6 |  7- 9 | 10-12 | 13-15 || total
-------------------------+-------+-------+-------+-------+-------++-------
Melee: Flail             |   128 |   119 |   368 |    94 |       ||   709
       Morningstar       |       |       |       |   439 |   671 ||  1110
Invok: Recall Ancestor   |       |       |       |     1 |     4 ||     5
       Ancestor Life: He |       |       |       |     1 |       ||     1
       Idealise          |       |       |       |       |     1 ||     1
Evoke: Wand              |       |       |     1 |     5 |     1 ||     7
  Use: Scroll            |    11 |     2 |     5 |    10 |     9 ||    37
       Potion            |       |     1 |     2 |     5 |     2 ||    10
 Stab: Confused          |       |       |       |    11 |    11 ||    22
       Distracted        |       |       |       |     5 |     3 ||     8
       Paralysed         |       |       |       |       |    12 ||    12
Armor: Scale mail        |    65 |    84 |   215 |       |       ||   364
       Plate armour      |       |       |    19 |   338 |   576 ||   933
Dodge: Dodged            |    56 |    78 |   191 |   159 |   244 ||   728
Block: Buckler           |    34 |    44 |   111 |   229 |   513 ||   931
       Reflection        |       |       |       |       |     1 ||     1

Table legend: (Time is in decaauts)
 A = Elapsed time spent in this place.
 B = Non-inter-level travel time spent in this place.
 C = Inter-level travel time spent in this place.
 D = Time resting spent in this place.
 E = Time spent auto-exploring this place.
 F = Levels seen in this place.
 G = Mean time per level.
                   A        B        C        D        E       F      G
               +--------+--------+--------+--------+--------+-----+--------+
         Total |  24446 |  23788 |    658 |   9089 |   6549 |  20 | 1222.3 |
       Dungeon |  12745 |  12425 |    320 |   4403 |   3621 |  11 | 1158.6 |
        Temple |     68 |     45 |     23 |      0 |     32 |   1 |   68.0 |
          Lair |   7902 |   7722 |    180 |   2852 |   1888 |   6 | 1317.0 |
   Spider Nest |   3730 |   3595 |    135 |   1834 |   1008 |   2 | 1865.0 |
               +--------+--------+--------+--------+--------+-----+--------+

Top non-repeatable levels by time:
Spider:1: 3424 daAuts
  Lair:6: 1654 daAuts
     D:7: 1646 daAuts
     D:6: 1588 daAuts
     D:9: 1555 daAuts
  Lair:5: 1500 daAuts
  Lair:1: 1469 daAuts
  Lair:2: 1345 daAuts
     D:5: 1200 daAuts
  Lair:4: 1119 daAuts
     D:3: 1068 daAuts
     D:2: 1046 daAuts
     D:8: 1038 daAuts
     D:1: 1027 daAuts
    D:10: 1024 daAuts
